 Dungeon Crawl Stone Soup version 0.18-a0-1405-g73f4075 (webtiles) character file.

51 Tomstefer the Conjurer (level 3, -7/19 HPs)
             Began as a Tengu Conjurer on Feb 24, 2016.
             Mangled by yogakurto's ghost (12 damage)
             ... on level 3 of the Dungeon.
             The game lasted 00:04:11 (1987 turns).

Tomstefer the Conjurer (Tengu Conjurer)             Turns: 1987, Time: 00:04:11

Health: -7/19      AC:  3    Str:  8    XL:     3   Next: 81%
Magic:  2/7        EV: 13    Int: 16    God:
Gold:   112        SH:  0    Dex: 14    Spells: 2 memorised, 3 levels left

rFire  . . .     SeeInvis .     j - +0 mace
rCold  . . .     Gourm    .     a - +0 robe
rNeg   . . .     Faith    .     (no shield)
rPois  .         Spirit   .     k - +1 hat
rElec  .         Dismiss  .     (no cloak)
rCorr  .         Reflect  .     (no gloves)
SustAt .         Harm     .     (boots unavailable)
MR     .....                    (no amulet)
Stlth  ++........               (no ring)
                                (no ring)

@: not resistant to hostile enchantments, unstealthy
A: beak, talons 3
a: no special abilities


You were on level 3 of the Dungeon.
You were not hungry.

You visited 1 branch of the dungeon, and saw 3 of its levels.

You collected 112 gold pieces.

Inventory:

Hand Weapons
 g - a +0 club
 j - a +0 mace (weapon)
Armour
 a - a +0 robe (worn)
 k - a +1 hat (worn)
Scrolls
 d - a scroll of recharging {unknown}
 f - 2 scrolls of magic mapping {unknown}
 h - 2 scrolls of identify {unknown}
 i - 2 scrolls of teleportation {unknown}
 l - a scroll of fear {unknown}
 m - a scroll of remove curse {unknown}
Potions
 e - a potion of haste {unknown}
 n - 2 potions of brilliance {unknown}
 o - a potion of lignification {unknown}
 p - a potion of mutation {unknown}
Books
 b - a book of Conjurations

   Spells                             Type                      Level
   a - Magic Dart                     Conjuration                  1
   b - Searing Ray                    Conjuration                  2
   c - Dazzling Spray                 Conjuration/Hexes            3
   d - Fulminant Prism                Conjuration/Hexes            4
   e - Iskenderun's Mystic Blast      Conjuration                  4
   f - Iskenderun's Battlesphere      Conjuration/Charms           5
Comestibles
 c - 4 chunks of flesh


   Skills:
 - Level 3.1 Dodging
 - Level 2.0 Stealth
 - Level 2.0 Spellcasting
 + Level 6.5 Conjurations


You had 3 spell levels left.
You knew the following spells:

 Your Spells              Type           Power        Failure   Level  Hunger
a - Magic Dart            Conj           ###.         1%          1    #......
b - Searing Ray           Conj           ###...       1%          2    ###....


Dungeon Overview and Level Annotations

Branches:
Dungeon (3/15)

Altars:

Annotations:
D:3 yogakurto's ghost, amateur VSAs


Innate Abilities, Weirdness & Mutations

You have a beak for a mouth.
You have claws for feet.


Message History

Casting: Magic Dart
Confirm with . or Enter, or press ? or * to list all spells.
Aiming: Searing Ray
Press: ? - help, Shift-Dir - straight line The searing ray hits yogakurto's ghost.
Yogakurto's ghost is lightly damaged.
Yogakurto's ghost misses you.
The searing ray hits yogakurto's ghost.
Yogakurto's ghost is moderately damaged.
Yogakurto's ghost hits you.
The searing ray hits yogakurto's ghost.
Yogakurto's ghost is heavily damaged.
Yogakurto's ghost hits you!
Ouch! That really hurt!
* * * LOW HITPOINT WARNING * * *
The searing ray hits yogakurto's ghost.
Yogakurto's ghost is severely damaged.
Yogakurto's ghost hits you!
Ouch! That really hurt!
You die...

### ..#
###.#
$#.. ..#
##
#.##.#..#
#...@W..#
#########


You could see yogakurto's ghost.

Vanquished Creatures
  2 adders (D:2)
  2 worms
  A dart slug (D:1)
  2 giant cockroaches
  3 goblins
  3 hobgoblins
  4 bats
  2 giant newts (D:1)
  2 kobolds
  8 rats
29 creatures vanquished.

Notes
Turn   | Place    | Note
--------------------------------------------------------------
     0 | D:1      | Tomstefer the Tengu Conjurer began the quest for the Orb.
     0 | D:1      | Reached XP level 1. HP: 10/10 MP: 4/4
   167 | D:1      | Reached XP level 2. HP: 15/15 MP: 1/6
   499 | D:1      | Learned a level 2 spell: Searing Ray
  1161 | D:2      | Reached skill level 6 in Conjurations
  1161 | D:2      | Reached XP level 3. HP: 19/19 MP: 0/7
  1983 | D:3      | Noticed yogakurto's ghost (amateur VSAs)
  1987 | D:3      | Mangled by yogakurto's ghost

Vault maps used:
D:1:      sevenhm_arrival_forest_fort_large_4, minmay_liquid_box
D:3:      serial_bayou_crossing, uniq_terence, uniq_robin

Skill      XL: |  1  2  3 |
---------------+----------+-----
Conjurations   | 6 |  6.5
Dodging        | 3 |  3.1
Stealth        | |  2.0
Spellcasting   | |  2.0

Action                   || total
-------------------------++-------
Melee: Mace              ||    12
 Cast: Magic Dart        ||    59
       Searing Ray       ||     1
  Eat: Bread ration      ||     1
